 Dungeon Crawl Stone Soup version 0.18-a0-1689-g473dde0 (webtiles) character file.

534 Herrn the Magician (level 7, 17/61 HPs)
             Began as a Naga Wizard on Apr 4, 2016.
             Quit the game on level 5 of the Dungeon on Apr 5, 2016.
             The game lasted 03:16:25 (5387 turns).

Herrn the Magician (Naga Wizard)                    Turns: 5387, Time: 03:16:25

Health: 17/61      AC:  3    Str: 10    XL:     7   Next: 25%
Magic:  9/13       EV: 10    Int: 18    God:
Gold:   216        SH:  3    Dex: 11    Spells: 1 memorised, 13 levels left

rFire  . . .     SeeInvis +     v - +1 war axe (freeze)
rCold  . . .     Gourm    .     a - +0 robe
rNeg   . . .     Faith    .     n - +0 buckler
rPois  +         Spirit   .     b - +0 hat
rElec  .         Dismiss  .     (no cloak)
rCorr  .         Reflect  .     (no gloves)
SustAt .         Harm     .     (no barding)
MR     .....                    (no amulet)
Stlth  ++........               (no ring)
                                (no ring)

@: short of breath, very slightly contaminated, very slow, not resistant to
hostile enchantments, unstealthy
A: see invisible, deformed body, poison resistance, slowness 2, slow metabolism
1, spit poison 2, AC +2
a: Spit Poison


You were on level 5 of the Dungeon.
You were hungry.

You visited 1 branch of the dungeon, and saw 5 of its levels.

You collected 216 gold pieces.

Inventory:

Hand Weapons
 g - a +1 short sword of protection
 u - a +1 spear of venom
 v - a +1 war axe of freezing (weapon)
Armour
 a - a +0 robe (worn)
 b - a +0 hat (worn)
 n - a +0 buckler (worn)
 o - a +0 plate armour
Wands
 k - a wand of iceblast (7/15)
 p - a wand of iceblast (10/15)
 y - a wand of random effects (20/48)
Scrolls
 e - a scroll of teleportation {unknown}
 f - a scroll of recharging {unknown}
 h - 8 scrolls of identify
 i - a scroll of fog {unknown}
 j - 2 scrolls of enchant weapon
 m - 3 scrolls of remove curse {unknown}
 t - a scroll of noise {unknown}
 w - a scroll of fear {unknown}
Potions
 q - a potion of flight {unknown}
 r - a potion of haste {unknown}
 x - a potion of magic {unknown}
 B - a potion of cancellation {unknown}
Books
 c - a book of Minor Magic

   Spells                             Type                      Level
   a - Magic Dart                     Conjuration                  1
   b - Blink                          Translocation                2
   c - Call Imp                       Summoning                    2
   d - Repel Missiles                 Charms/Air                   2
   e - Slow                           Hexes                        2
   f - Conjure Flame                  Conjuration/Fire             3
   g - Mephitic Cloud                 Conjuration/Poison/Air       3
Comestibles
 d - 2 bread rations
 l - a slice of pizza
 C - a meat ration


   Skills:
 * Level 2.9 Fighting
 * Level 2.0 Axes
 + Level 3.5 Dodging
 - Level 3.0 Stealth
 + Level 0.1 Shields
 - Level 4.4 Spellcasting
 + Level 3.3 Conjurations
   Level 1.0 Summonings
   Level 1.0 Translocations


You had 13 spell levels left.
You knew the following spells:

 Your Spells              Type           Power        Failure   Level  Hunger
a - Magic Dart            Conj           ###.         10%         1    None


Dungeon Overview and Level Annotations

Branches:
Dungeon (5/15)
 Temple: D:4-7

Altars:
Kikubaaqudgha
Zin
The Shining One

Annotations:
D:3 Sigmund
D:4 bullock's ghost, novice HOGl
D:5 Pikel


Innate Abilities, Weirdness & Mutations

You cannot wear boots.
Your serpentine skin is tough (AC +2).
You have supernaturally acute eyesight.
Armour fits poorly on your strangely shaped body.
Your system is resistant to poisons.
You cover ground very slowly.
You have a slow metabolism.
You can spit poison.


Message History

The slave is moderately wounded.
You are feeling hungry.
Pikel hits you with a whip of flaming. Pikel burns you.
* * * LOW HITPOINT WARNING * * *
Casting: Magic Dart
Confirm with . or Enter, or press ? or * to list all spells.
Aiming: Magic Dart
Press: ? - help, Shift-Dir - straight line, f/p - slave
Aim: a slave, wearing an animal skin (lightly wounded)
The magic dart hits Pikel.
Pikel is lightly wounded.
You block Pikel's attack.
Unknown command.
Are you sure you want to abandon this character and quit the game? (Confirm with "yes".)
Okay, then.
Unknown command.
Unknown command.
Unknown command.
Unknown command.
Are you sure you want to abandon this character and quit the game? (Confirm with "yes".)

#..###.############
###.................#
.###..(..##.##########.#
...............# #.#
###.#..###....# #.#
#.#..# ##ppp# #.#
#.#.###.#..# ##p## #.#
#.....p....# #K# #.#
....##....## #@# #.# ##
.......# #.# #.#
#..##...## #.# #.# #.
#.....# #.# #.# #
#.....# #.# #.# #.._..##
#.# #.# #..#....).# #.#
#.# ..........# #.# #.#
#..###.#..# #.# #.#


You could see Pikel and 4 slaves.

Vanquished Creatures
  2 ogres (D:4)
  A howler monkey (D:4)
  An orc priest (D:4)
  An iguana (D:4)
  4 orc wizards (D:4)
  A gnoll (D:3)
  3 adders (D:3)
  An ooze (D:3)
  2 dart slugs
  3 giant geckos
  13 orcs
  5 bats
  9 giant cockroaches
  7 goblins
  15 hobgoblins
  6 jackals
  9 kobolds
  4 quokkas
  2 ball pythons
  7 giant newts
  9 rats
105 creatures vanquished.

Notes
Turn   | Place    | Note
--------------------------------------------------------------
     0 | D:1      | Herrn the Naga Wizard began the quest for the Orb.
     0 | D:1      | Reached XP level 1. HP: 15/15 MP: 4/4
   505 | D:1      | Reached XP level 2. HP: 24/24 MP: 3/6
   535 | D:1      | Upgraded the game from 0.18-a0-1685-g4482fe3 to 0.18-a0-1689-g473dde0
   549 | D:1      | Reached skill level 1 in Fighting
  1131 | D:1      | Reached XP level 3. HP: 31/31 MP: 7/7
  2237 | D:3      | Reached XP level 4. HP: 38/38 MP: 4/9
  2824 | D:3      | Reached XP level 5. HP: 43/45 MP: 10/10
  2887 | D:3      | Noticed Sigmund
  3726 | D:4      | Noticed an ogre
  3726 | D:4      | Noticed an ogre
  3750 | D:4      | Killed an ogre
  3750 | D:4      | Reached skill level 4 in Spellcasting
  3929 | D:4      | Killed an ogre
  3929 | D:4      | Reached skill level 1 in Axes
  3929 | D:4      | Reached XP level 6. HP: 51/55 MP: 12/12
  4456 | D:4      | Noticed bullock's ghost (novice HOGl)
  4570 | D:4      | Found a glowing golden altar of the Shining One.
  4570 | D:4      | Found an ancient bone altar of Kikubaaqudgha.
  4585 | D:4      | Reached XP level 7. HP: 45/61 MP: 13/13
  5085 | D:5      | Entered Level 5 of the Dungeon
  5085 | D:5      | Found a glowing silver altar of Zin.
  5370 | D:5      | Noticed Pikel
  5387 | D:5      | Quit the game

Vault maps used:
D:1:      elethiomel_arrival_maze
D:2:      minmay_misc_feat_square
D:3:      minmay_bisected, uniq_jessica, uniq_sigmund
D:4:      nicolae_overflow_crystal_walls, kiku_gazebo_pond_becter
D:5:      lemuel_doored_altar, minmay_temple_entry_statues_pillars, first_bread,
          serial_shops, shop, basic_altar, grunt_ministairs_11,
          trog_butcher_becter, uniq_pikel

Skill      XL: |  1  2  3  4  5  6  7 |
---------------+----------------------+-----
Fighting       | 1 2 |  2.9
Conjurations   | 2 3 |  3.3
Dodging        | 2 3 |  3.5
Spellcasting   | 4 |  4.4
Axes           | 1 2 |  2.0
Stealth        | |  3.0
Shields        | |  0.1
Summonings     | |  1.0
Translocations | |  1.0

Action                   |  1- 3 |  4- 6 |  7- 9 || total
-------------------------+-------+-------+-------++-------
Melee: Short sword       |     8 |     4 |       ||    12
       Spear             |       |    20 |    21 ||    41
       War axe           |       |    36 |    13 ||    49
 Cast: Magic Dart        |    60 |    46 |    16 ||   122
 Abil: Spit Poison       |    49 |    42 |    11 ||   102
  Use: Potion            |       |     2 |     3 ||     5
       Scroll            |       |     1 |       ||     1
 Stab: Sleeping          |       |     1 |       ||     1
  Eat: Chunk             |     5 |     8 |     1 ||    14
       Beef jerky        |       |       |     1 ||     1
